Cogmind - Beta 9.6 @@@ ROGUE MODE // 2020.05.21 @ 11:47:33 Player: pGoos Result: Destroyed by as-96224 with Assembled Rifle Performance ------------- Evolutions (0) 0 Regions Visited (2) 400 Robots Destroyed (5) 25 Value Destroyed (80) 80 Prototype IDs (0) 0 Alien Tech Used (0) 0 Bonus (0) 0 TOTAL SCORE: 505 Bonus ------- None Cogmind --------- Core Integrity 0/250 Matter 253/300 Energy 89/125 System Corruption 7% Temperature Cool (150) Movement Treading (180) Ox1 Location -10/Mines Parts ------- > --- POWER (1) -------- Light Ion Engine > --- PROPULSION (2) --- Light Treads > --- UTILITY (2) ------ Large Storage Unit Large Storage Unit > --- WEAPON (2) ------- Mining Laser > --- INVENTORY (16) --- Ion Engine Medium Laser Medium Laser Medium Laser Peak State ------------ > --- POWER ------------ Light Ion Engine > --- PROPULSION ------- Aluminum Leg Aluminum Leg > --- UTILITY ---------- Large Storage Unit Sensor Array > --- WEAPON ----------- Medium Laser Assault Rifle > --- INVENTORY -------- Ion Engine Light Ion Engine Light Treads Light Treads Large Storage Unit Medium Laser Medium Laser Medium Laser Mining Laser Mining Laser [Rating: 8] Favorites ----------- Power Light Ion Engine Engine Light Ion Engine Propulsion Aluminum Leg Treads Light Treads Leg Aluminum Leg Utility Large Storage Unit Device Sensor Array Storage Large Storage Unit Weapon Medium Laser Energy Gun Medium Laser Ballistic Gun Assault Rifle Special Weapon Mining Laser Build | -11 -10 -10 ------- Run | Scr Mat Min Slots Evolved . | . . . Power . | . . . Propulsion . | . . . Utility . | . . . Weapon . | . . . Parts Attached 20 | 6 4 10 Power 3 | 1 . 2 Engine 3 | 1 . 2 Core . | . . . Reactor . | . . . Propulsion 4 | 2 . 2 Treads 2 | . . 2 Leg 2 | 2 . . Wheel . | . . . Hover . | . . . Flight . | . . . Utility 6 | 1 4 1 Device 2 | . 2 . Storage 4 | 1 2 1 Processor . | . . . Hackware . | . . . Protection . | . . . Artifact . | . . . Weapon 7 | 2 . 5 Energy Gun 3 | 1 . 2 Energy Cannon . | . . . Ballistic Gun 2 | 1 . 1 Ballistic Cannon . | . . . Launcher . | . . . Special Weapon 2 | . . 2 Impact Weapon . | . . . Slashing Weapon . | . . . Piercing Weapon . | . . . Special Melee Weapon . | . . . Unidentified Prototypes . | . . . Parts Lost 8 | . . 8 Power 1 | . . 1 Propulsion 3 | . . 3 Utility 1 | . . 1 Weapon 3 | . . 3 Highest Loss Streak 5 | . . 5 Average Slot Usage (%) 96 | . 96 95 Engine 14 | . 14 14 Treads 2 | . . 4 Leg 25 | . 28 21 Device 10 | . 10 11 Storage 15 | . 14 16 Energy Gun 13 | . 14 13 Ballistic Gun 12 | . 14 11 Naked Turns . | . . . Heaviest Build 39 | 11 39 39 Greatest Support 40 | 20 20 40 Greatest Overweight (x) 2 | . 1 2 Average Overweight (x) . | . . . Largest Inventory Capacity 16 | 6 16 16 Average Capacity 9 | 5 9 11 Most Carried 10 | 4 10 10 Average Carried 6 | 2 6 9 Final Capacity 16 | 6 10 16 Final Carried 10 | 4 10 4 Class Distribution -------------------- 100% | Mutant Dominant Class ---------------- Mutant | -10/Materials Mutant | -10/Mines Resources | -11 -10 -10 ----------- Run | Scr Mat Min Matter Collected 365 | 206 62 97 Remotely . | . . . Salvage Created 106 | . 62 44 Parts 10 | . 5 5 Haulers Intercepted . | . . . Recyclers Shooed . | . . . Parts Field Recycled . | . . . Retrieved Matter . | . . . Parts Self-Destructed . | . . . Prevented . | . . . Kills | -11 -10 -10 ------- Run | Scr Mat Min Combat Hostiles Destroyed 4 | . 1 3 Guns 4 | . 1 3 Classes Destroyed 3 | . 2 1 Watcher 1 | . 1 . Swarmer 3 | . . 3 Grunt 1 | . 1 . Best Kill Streak 2 | . 1 2 Combat Bots Only 2 | . 1 2 Max Kills in Single Turn 1 | . 1 1 Gunslinging . | . . . Exploded . | . . . Melee . | . . . Uniques/NPCs Destroyed . | . . . Combat | -11 -10 -10 -------- Run | Scr Mat Min Damage Taken 1169 | . 55 1114 Core 254 | . 12 242 Absorbed by Shields . | . . . Core Remaining (%) 100 | 100 . . Volleys Fired 26 | . 7 19 Largest 2 | . 2 2 Hottest 200 | . 70 200 Shots Fired 48 | . 14 34 Gun 46 | . 14 32 Cannon . | . . . Launcher . | . . . Special 2 | . . 2 Kinetic 20 | . 7 13 Thermal 28 | . 7 21 Explosive . | . . . Electromagnetic . | . . . Robot Hit Streak 6 | . 6 3 Robot Miss Streak 4 | . 2 4 Penetration Max . | . . . Secondary Targets 1 | . . 1 Max Gunslinging Chain 1 | . . 1 Shots Hit Robots 22 | . 9 13 Core Hits 7 | . 3 4 Critical Hits . | . . . Critical Kills . | . . . Critical Parts Destroyed . | . . . Melee Attacks . | . . . Impact . | . . . Slashing . | . . . Piercing . | . . . Sneak Attacks . | . . . Combat Hostiles . | . . . Follow-up Attacks . | . . . Damage Inflicted 328 | . 86 242 Guns 304 | . 86 218 Cannons . | . . . Explosions . | . . . Melee . | . . . Ramming . | . . . Kinetic 104 | . 36 68 Thermal 224 | . 50 174 Explosive . | . . . Electromagnetic . | . . . Impact . | . . . Slashing . | . . . Piercing . | . . . Highest Corruption 7 | . . 7 Average Corruption 2 | . . 2 Corruption Purged . | . . . Effects 2 | . . 2 Data Loss (minor) 1 | . . 1 Targeting Errors 1 | . . 1 Overload Shots . | . . . Overflow Damage . | . . . Projectiles . | . . . Explosions . | . . . Melee . | . . . Knockbacks . | . . . Impact . | . . . Kinetic . | . . . Secondary . | . . . Self-Inflicted Damage . | . . . Shots . | . . . Rammed . | . . . Targets Rammed . | . . . Kicked . | . . . Crushed . | . . . Highest Temperature 251 | . 30 251 Average Temperature 72 | . 13 90 Received Heat Transfer 436 | . 30 406 Effects 2 | . . 2 Interference 2 | . . 2 Siege Activations . | . . . Robots Corrupted . | . . . Combat Hostiles . | . . . Parts Fried . | . . . Impact Corruptions . | . . . Robots Melted . | . . . Combat Hostiles . | . . . Parts Melted . | . . . Heat Transferred 642 | . 148 494 Parts Sabotaged . | . . . Parts Stolen . | . . . Parts Stripped . | . . . Power Chain Reactions . | . . . Missiles Intercepted . | . . . Alert | -11 -10 -10 ------- Run | Scr Mat Min Peak Influence 102 | . 84 102 Average Influence 44 | . 31 78 Maximum Alert Level . | . . . Low Security (%) 100 | 100 100 100 Level 1 . | . . . Level 2 . | . . . Level 3 . | . . . Level 4 . | . . . Level 5 . | . . . High Security . | . . . Max Security . | . . . Squads Dispatched 2 | . 2 . Investigation 1 | . 1 . Extermination . | . . . Reinforcement 1 | . 1 . Assault . | . . . Garrison . | . . . Intercept . | . . . Construction Impeded . | . . . Haulers Reinforced . | . . . Stealth | -11 -10 -10 --------- Run | Scr Mat Min Distress Signals 1 | . 1 . Communications Jammed . | . . . Distress Signals . | . . . Times Spotted 23 | . 4 19 Peak Tracking Total 19 | . 2 19 Tactical Retreats 4 | . 1 3 Traps | -11 -10 -10 ------- Run | Scr Mat Min Traps Triggered 1 | . 1 . Indirectly . | . . . Trap Hack Attempts . | . . . Triggered . | . . . Disarmed . | . . . Reprogrammed . | . . . Reused . | . . . Traps Extracted . | . . . Installed . | . . . Triggered . | . . . Machines | -11 -10 -10 ---------- Run | Scr Mat Min Machines Disabled . | . . . Max in Single Turn . | . . . Machines Sabotaged . | . . . Garrisons Compromised . | . . . Overloaded Fab Kills . | . . . Fab Network Shutdowns . | . . . Hacking | -11 -10 -10 --------- Run | Scr Mat Min Machines Accessed 1 | . 1 . Terminals . | . . . Fabricators . | . . . Repair Stations 1 | . 1 . Recycling Units . | . . . Scanalyzers . | . . . Garrison Access . | . . . Total Hacks 2 | . 2 . Successful 2 | . 2 . Failed . | . . . Catastrophic . | . . . Database Lockouts . | . . . Manual . | . . . Terminals . | . . . Fabricators . | . . . Repair Stations 2 | . 2 . Recycling Units . | . . . Scanalyzers . | . . . Garrison Access . | . . . Terminal Hacks . | . . . Fabricator Hacks . | . . . Repair Station Hacks 2 | . 2 . Scan Component 1 | . 1 . Repair 1 | . 1 . Recycling Unit Hacks . | . . . Scanalyzer . | . . . Garrison Access Hacks . | . . . Unauthorized Hacks . | . . . Terminals . | . . . Fabricators . | . . . Repair Stations . | . . . Recycling Units . | . . . Scanalyzers . | . . . Garrison Access . | . . . Data Cores Recovered . | . . . Used . | . . . Hacking Detections . | . . . Full Trace Events . | . . . Feedback Events . | . . . Feedback Blocked . | . . . Robot Schematics Acquired . | . . . Robots Built . | . . . Matter . | . . . Time . | . . . Total Robot Build Rating . | . . . Part Schematics Acquired . | . . . Parts Built . | . . . Matter . | . . . Time . | . . . Total Part Build Rating . | . . . Parts Repaired 1 | . 1 . Time 26 | . 26 . Parts Recycled . | . . . Recycled Matter . | . . . Retrieved Matter . | . . . Retrieved Components . | . . . Parts Scanalyzed . | . . . Part Schematics Acquired . | . . . Parts Damaged . | . . . Bothacking | -11 -10 -10 ------------ Run | Scr Mat Min Used RIF Installer . | . . . Robots Hacked . | . . . Non-combat . | . . . Combat . | . . . Robot Hacks Applied . | . . . Relay Couplers Released . | . . . Robots Rewired . | . . . Allies Hacked . | . . . Hacks Repelled . | . . . Allies | -11 -10 -10 -------- Run | Scr Mat Min Total Allies 5 | . . 5 Largest Group 4 | . . 4 Highest-Rated Group 54 | . . 54 Highest-Rated Ally 31 | . . 31 Total Orders . | . . . Ally Attacks 24 | . . 24 Total Damage 325 | . . 325 Kills 5 | . . 5 Allies Corrupted . | . . . Allies Melted . | . . . Intel | -11 -10 -10 ------- Run | Scr Mat Min Robot Analysis Total . | . . . Derelict Logs Recovered . | . . . Drone Launches . | . . . Drone Recoveries . | . . . Exploration | -11 -10 -10 ------------- Run | Scr Mat Min Turns Passed 620 | 95 290 235 Spaces Moved 325 | 68 147 110 Core 2 | 2 . . Treads 8 | . . 8 Legs 315 | 66 147 102 Wheels . | . . . Hover . | . . . Flight . | . . . Fastest Speed 50 | 50 120 150 Average Speed 141 | 117 144 152 Slowest Speed 180 | 120 150 180 Overloaded Moves . | . . . Propulsion Burnouts . | . . . Robots Hopped . | . . . Cave-ins Triggered . | . . . Exploration Rate (%) 25 | 5 34 38 Regions Visited 2 Branch Regions 1 Pre-discovered Areas . | . . . Known Exits Taken . | . . . Unknown Exits Taken 2 | 1 1 . Scrap Searched 1 | . . 1 Spaces Dug . | . . . Terrain Destroyed 1 | . . 1 Melee . | . . . Projectile 1 | . . 1 AOE . | . . . Actions | -11 -10 -10 --------- Run | Scr Mat Min Total 434 | 83 210 141 Wait 43 | . 43 . Move 323 | 67 146 110 Hop . | . . . Pick Up 19 | 10 9 . Fast Attach . | . . . Attach 15 | 6 3 6 Detach . | . . . Swap 5 | . 1 4 Drop 3 | . 1 2 Fire 26 | . 7 19 Melee . | . . . Ram . | . . . Kick . | . . . Crush . | . . . Escape Stasis . | . . . Rewire . | . . . Trap . | . . . Miscellaneous . | . . . Route ------- -11/Scrapyard -10/Materials -10/Mines History --------- Turn | Location | Event 6 | -11/Scrapyard | Discovered new exit (range 15) 96 | -11/Scrapyard | Entered Materials 279 | -10/Materials | Repaired Sensor Array 304 | -10/Materials | Build established: Mutant 355 | -10/Materials | Discovered new exit (range 14) 386 | -10/Materials | Entered Mines 518 | -10/Mines | Assembled infested the area 580 | -10/Mines | Core integrity fell below 50% 593 | -10/Mines | Core integrity fell below 20% 595 | -10/Mines | Assisted by bots powering up and referring to "LRC-V3" 610 | -10/Mines | Lost 5 parts (2n1u2w) 621 | -10/Mines | Destroyed by as-96224 with Assembled Rifle Last Messages --------------- Destroyed Asb. Maul. U-05 Engineer lays Concrete. as-63271 destroyed. as-62480 destroyed. as-26884 destroyed. Overheating: System interference. Med. Laser temporarily disabled. Mercenary 1a destroyed. K-01 Serf collects debris. K-01 Serf destroyed. as-18637 destroyed. Trooper 1b destroyed. Lgt. Ion Engine destroyed. as-62384 destroyed. Trooper 1a destroyed. Lgt. Treads destroyed. System corrupted by crushing effect (+5). Acquired 13 matter. Mining Laser destroyed. System corrupted: Component data lost. Map ----- +----------------------------------------------------+ | ???????????# % ########### #??????## | | ????????????# """ #???????# | | ?????????????# """ #???????# | | ????????????????# ###### ##### """ #???????# | | ????????????????????????## ##?# #???????# | | ???????????????????????## ### #???????# | | ???????????????????????# ##########???????## | | ???????????????????????# #????????????????## | | ??????????????????????## ##????????#####???# | | ???????????????????#### #???????### #?## | | ??????????????????## ##??????## ## | | ??????????????????# !% ##?????### | | ??????????????????# *##????? | | ??????????????????## ##???????### | | ???????????????????## #?????????# ## | | ????????????????????## #?????????# ###### | | ?????????????????????### ##????????# ?# | | ???????????????????????# #????????? ??# """" | | ???????????????????????#a #?????????? ???# """" | | ???????????????????????# #???????????????# """" | | ??????????????????????## #???????????????# | | ???????????????????####; ##??????????????# """ | | ???????????????????# %=aa% ##?????????????# """ | | ???????????????????#!%%aa #?????????????# """ | | ???????????????????# %! a #?????????????# | | ???????????????????### a @ ##?????????# #### ##### | | ?????????????????????## #??????????# #???? | | ??????????????????????## *%=?????????###### #???? | | ???????????????????????# ! ?????????????# #???? | | ???????????????????????# ####????????????# #???? | | ???????????????????????# #???????????????# #???? | | ???????????????????????# #????????????#### #???? | | ??????????????????????? ???????????## = #???? | | ??????????????????????? ???????????# #???? | | ??????????????????????? #####??????????# *=##??? | | ???????????????????????#???????????????# [ #??? | | ????????????????????????????????######## = ##?? | | ????????????????????????????# ##? | | ?????????????????????????????????####### #? | | ???????????????????????????????????????# #? | | ???????????????????????????????????????# ###### #? | | ???????????????????????????????????????# ?????###? | | ???????????????????????????????????????##????????? | | ?????????????????????????????????????????????????? | | ?????????????????????????????????????????????????? | | ?????????????????????????????????????????????????? | | ?????????????????????????????????????????????????? | | ?????????????????????????????????????????????????? | | ?????????????????????????????????????????????????? | | ?????????????????????????????????????????????????? | +----------------------------------------------------+ Best States ------------- Heat Dissipation 25 Energy Generation 10 Energy Capacity 125 Matter Stores 293 Matter Capacity 300 Sight Range 16 Robot Scan Range 10 Terrain Scan Density 10 Evasion (%) 40 Recoil Reduction 2 Item Schematics ----------------- None Robot Schematics ------------------ None Fabricated ------------ Nothing Alien Tech Used ----------------- None Achievements -------------- None Challenges ------------ None Game ------ Seed OverloadVariableCoupler Manual? 0 Play Time 00:11:48 Cumulative 9.3 hours Start 2020.05.21 @ 11:35:53 End 2020.05.21 @ 11:47:33 Sessions 1 Manual Loads 0 Difficulty Rogue Special Mode None Game No. 12 Rogue 12 Adventurer 0 Explorer 0 Win Type - Total 0 Types 0/0/0/0/0/0/0 Lore% 15 Gallery% 16 Achievement% 15 Wizard Run 0 Options --------- ASCII 0 Keyboard 0 Movement Mouse Keybinds 0 Fullscreen 2 Font 24/Terminus Map View 113x50 Tactical HUD 0 Map Filters NONE Filters NONE Steam 1 RUN: 8cd1db6e-60bf-4d75-a6c9-a07e55ba901b